 Dungeon Crawl Stone Soup version 0.29.1-15-g9cfb28693d (webtiles) character file.

Game seed: 12017472962361876748

62 BiteMe the Firebug (level 3, -1/24 HPs)
             Began as a Demonspawn Fire Elementalist on Mar 11, 2023.
             Slain by Terence
             ... wielding a +0 hand axe
              (3 damage)
             ... on level 3 of the Dungeon.
             The game lasted 00:12:22 (1722 turns).

BiteMe the Firebug (Demonspawn Fire Elementalist)   Turns: 1722, Time: 00:12:22

Health: -1/24      AC:  2    Str:  8    XL:     3   Next: 85%
Magic:  1/6        EV: 12    Int: 21    God:
Gold:   41         SH:  0    Dex: 13    Spells: 3/6 levels left

rFire   + . .      SeeInvis .   p - +10 falchion of Circular Logic {drain, rF+ rCorr Int+3}
rCold   . . .      Faith    .   (no shield)
rNeg    . . .      Spirit   .   a - +0 robe
rPois   .          Reflect  .   (no helmet)
rElec   .          Harm     .   (no cloak)
rCorr   +          Rampage  .   (no gloves)
Will    .....                   (no boots)
Stlth   ++........              (no amulet)
HPRegen 0.08/turn               (no ring)
MPRegen 0.10/turn               (no ring)

@: mighty, brilliant
A: powered by pain 1
a: no special abilities


You were on level 3 of the Dungeon.
You visited 1 branch of the dungeon, and saw 3 of its levels.

You collected 41 gold pieces.

Inventory:

Hand Weapons
 e - a +0 dagger
 g - a +0 short sword
 h - a +0 hand axe
 i - a +0 whip
 n - a +0 short sword
 p - the +10 falchion of Circular Logic (weapon) {drain, rF+ rCorr Int+3}
   (You found it on level 3 of the Dungeon)

   A truly terrible weapon, it drains the life of any living foe it strikes.
   Int:       It affects your intelligence (+3).
   rF:        It protects you from fire.
   rCorr:     It protects you from acid and corrosion.
Missiles
 d - 2 javelins (quivered)
Armour
 a - a +0 robe (worn)
 l - a +0 chain mail
Scrolls
 f - a scroll of identify {unknown}
 k - 2 scrolls of magic mapping {unknown}
 o - a scroll of poison {unknown}
Potions
 b - a potion of magic
 c - a potion of brilliance
 j - a potion of curing {unknown}
 m - a potion of attraction {unknown}


   Skills:
 + Level 0.2 Fighting
 + Level 0.5 Throwing
 + Level 1.9 Dodging
 - Level 1.8 Stealth
 + Level 2.4 Spellcasting
 + Level 1.3 Conjurations
 + Level 3.6 Fire Magic


You had 3 spell levels left.
You knew the following spells:

 Your Spells              Type           Power      Damage    Failure   Level
a - Foxfire               Conj/Fire      76%        2x1d7     4%          1
b - Scorch                Fire           54%        2d8       4%          2

Your spell library contained the following spells:

 Spells                   Type           Power      Damage    Failure   Level
 Apportation              Tloc           6%         N/A       14%         1
 Conjure Flame            Conj/Fire      19%        6-21      16%         3
 Inner Flame              Hex/Fire       15%        N/A       21%         3
 Flame Wave               Conj/Fire      19%        2d7       45%         4
 Airstrike                Air            1%         2d(1-17)  80%         4
 Summon Lightning Spire   Summ/Air       3%         N/A       80%         4
 Lightning Bolt           Conj/Air       4%         1d15      96%         5
 Alistair's Intoxication  Tmut/Pois      2%         N/A       98%         5


Dungeon Overview and Level Annotations

Branches:
Dungeon (3/15)

Altars:
Hepliaklqana
Makhleb

Annotations:
D:3 Terence


Innate Abilities, Weirdness & Mutations

You sometimes gain a little power by taking damage.


Message History

Press: ? - help, Q - select action, (/) - cycle Shift-Dir - straight line, f/p - Terence
Aim: Terence, wielding a +0 hand axe and wearing a +0 chain mail (64% to hit)
You throw a javelin. The javelin pierces through Terence.
Terence is lightly wounded.
Casting: Foxfire (safe; 4% risk of failure)
Confirm with . or Enter, or press ? or * to list all spells.
You conjure some foxfire!
The foxfire hits Terence but does no damage.
Terence is lightly wounded.
The foxfire hits Terence.
Terence is lightly wounded.
Casting: Foxfire (safe; 4% risk of failure)
Confirm with . or Enter, or press ? or * to list all spells.
You conjure some foxfire!
Casting: Foxfire (safe; 4% risk of failure)
Confirm with . or Enter, or press ? or * to list all spells.
Flames lash Terence but do no damage.
The foxfire hits Terence but does no damage.
Terence is lightly wounded.
The foxfire hits Terence but does no damage.
Terence is lightly wounded.
Terence hits you with a +0 hand axe!
You closely miss Terence.
Terence is lightly wounded.
Terence hits you with a +0 hand axe. x2
You hit Terence.
Terence is heavily wounded.
Terence hits you with a +0 hand axe!
* * * LOW HITPOINT WARNING * * *
You focus on the pain.
You feel very mighty all of a sudden.
It was a potion of brilliance.
You feel clever all of a sudden. Terence barely misses you.
Casting: Scorch (safe; 4% risk of failure)
Confirm with . or Enter, or press ? or * to list all spells.
You feel a surge of power!
Flames lash Terence.
Terence is almost dead.
Terence's fire resistance burns away.
Terence hits you with a +0 hand axe.
You die...

#.#..[# #.#...######
..........?. #.#......#
#.#......# #
#####.#......#.#
.............#.##
######.........(..
#....@@...#.##.
#.#..._..##.#
#.#...8.....#
##.##.._..#############
#..................#...
#....##........####.#.##
##### ###+..........#.##
#.....##...#.##
#.(...##......#


You could see Terence (combustible).

Vanquished Creatures
  Jessica (D:3)
  An adder (D:2)
  2 ball pythons (D:1)
  4 endoplasms (D:1)
  2 giant cockroaches (D:1)
  3 goblins (D:1)
  3 hobgoblins (D:1)
  A quokka (D:1)
  2 bats (D:1)
  A frilled lizard (D:1)
  4 kobolds
  2 rats
26 creatures vanquished.

Vanquished Creatures (others)
  60 foxfires
60 creatures vanquished.

Grand Total: 86 creatures vanquished

Notes
Turn   | Place    | Note
-------+----------+-------------------------------------------
     0 | D:1      | BiteMe the Demonspawn Fire Elementalist began the quest for
                  | the Orb.
     0 | D:1      | Reached XP level 1. HP: 13/13 MP: 3/3
   172 | D:1      | Reached skill level 3 in Fire Magic
   316 | D:1      | Gained mutation: You sometimes gain a little power by
                  | taking damage. [demonic ancestry]
   316 | D:1      | Reached XP level 2. HP: 17/19 MP: 1/5
  1443 | D:1      | Learned a level 2 spell: Scorch
  1640 | D:2      | Reached XP level 3. HP: 24/24 MP: 3/6
  1675 | D:3      | Found a burning altar of Makhleb.
  1678 | D:3      | Found a hazy altar of Hepliaklqana.
  1683 | D:3      | Noticed Jessica
  1695 | D:3      | Killed Jessica
  1697 | D:3      | Identified the +10 falchion of Circular Logic {drain, rF+
                  | rCorr Int+3}
  1710 | D:3      | Noticed Terence
  1722 | D:3      | Slain by Terence

Illustrated notes

Levels and vault maps discovered:
D:1:      dpeg_arrival_three_same_balls, layout_basic,
          nicolae_figureground_pulse
D:2:      layout_loops_ring
D:3:      layout_basic, chequers_temple_overflow_statue_of_worship,
          nicolae_overflow_squiral, kennysheep_pointless_box,
          minmay_randomly_rotated_circles, uniq_ijyb, uniq_grinder,
          uniq_jessica, uniq_terence

Skill      XL: |  1 |
---------------+----+-----
Fire Magic     | 3 |  3.6
Fighting       | |  0.2
Throwing       | |  0.5
Dodging        | |  1.9
Stealth        | |  1.8
Spellcasting   | |  2.4
Conjurations   | |  1.3

Action                   || total
-------------------------++-------
Melee: Dagger            ||     1
       Falchion          ||     2
Throw: Javelin           ||    16
 Cast: Foxfire           ||    36
       Scorch            ||     2
  Use: Potion            ||     1
Dodge: Dodged            ||    10
